 Dungeon Crawl Stone Soup version 0.21-a0-426-g98080a9 (webtiles) character file.

15235 theanonym the Blocker (level 12, -7/96 HPs)
             Began as a Gnoll Fighter on Nov 6, 2017.
             Was a Priest of Ashenzari.
             Killed by the air
             ... invoked by Gastronok
              (24 damage)
             ... on level 2 of the Lair of Beasts.
             The game lasted 00:32:21 (14458 turns).

theanonym the Blocker (Gnoll Fighter)              Turns: 14458, Time: 00:32:21

Health: -7/96      AC: 22    Str: 27    XL:     12   Next: 24%
Magic:  22/22      EV: 11    Int: 12    God:    Ashenzari [***...]
Gold:   345        SH: 14    Dex: 15    Spells: 25/25 levels left

rFire    + . .     SeeInvis +   b - +2 hunting sling (flame)
rCold    + . .     Gourm    .   c - +1 shield (curse)
rNeg     + . .     Faith    .   L - +0 plate armour (curse)
rPois    +         Spirit   .   u - +0 helmet (curse)
rElec    .         Reflect  .   J - +2 cloak of Eternal Vigilance {rC+}
rCorr    .         Harm     .   Q - +0 pair of gloves (curse)
MR       .....                  (no boots)
Stlth    ..........             (no amulet)
HPRegen  0.26/turn              K - ring of the Shining Light {rPois rF+ rN+}
MPRegen  0.18/turn              O - ring of flight

@: mighty
A: distributed training, fangs 1, strong nose
a: Curse Item, Scrying, Renounce Religion, Evoke Flight


Innate Abilities, Weirdness & Mutations

Your experience applies equally to all skills.
You have very sharp teeth.
Your uncanny sense of smell can sniff out nearby items.


   Skills:
 + Level 9.6 Fighting
 + Level 7.0 Short Blades
 + Level 7.0 Long Blades
 + Level 8.4 Axes
 + Level 7.0 Maces & Flails
 + Level 7.0 Polearms
 + Level 7.0 Staves
 + Level 7.0 Slings
 + Level 7.0 Bows
 + Level 7.0 Crossbows
 + Level 7.0 Throwing
 + Level 9.6(12.3) Armour
 + Level 7.0 Dodging
 + Level 7.0 Stealth
 + Level 9.6(11.4) Shields
 + Level 7.0 Unarmed Combat
 + Level 7.0 Spellcasting
 + Level 5.8 Conjurations
 + Level 5.8 Hexes
 + Level 5.8 Charms
 + Level 5.8 Summonings
 + Level 5.8 Necromancy
 + Level 5.8 Translocations
 + Level 5.8 Transmutations
 + Level 5.8 Fire Magic
 + Level 5.8 Ice Magic
 + Level 5.8 Air Magic
 + Level 5.8 Earth Magic
 + Level 5.8 Poison Magic
 + Level 7.6 Invocations
 + Level 7.0 Evocations


You had 25 spell levels left.
You didn't know any spells.

Skill      XL: |  1  2  3  4  5  6  7  8  9 10 11 12 |
---------------+-------------------------------------+-----
Short Blades   | 1 2 3 4 5 6 7 |  7.0
Long Blades    | 1 2 3 4 5 6 7 |  7.0
Maces & Flails | 1 2 3 4 5 6 7 |  7.0
Polearms       | 1 2 3 4 5 6 7 |  7.0
Staves         | 1 2 3 4 5 6 7 |  7.0
Slings         | 1 2 3 4 5 6 7 |  7.0
Bows           | 1 2 3 4 5 6 7 |  7.0
Crossbows      | 1 2 3 4 5 6 7 |  7.0
Throwing       | 1 2 3 4 5 6 7 |  7.0
Dodging        | 1 2 3 4 5 6 7 |  7.0
Stealth        | 1 2 3 4 5 6 7 |  7.0
Unarmed Combat | 1 2 3 4 5 6 7 |  7.0
Spellcasting   | 1 2 3 4 5 6 7 |  7.0
Invocations    | 1 2 3 4 5 6 7 |  7.6
Evocations     | 1 2 3 4 5 6 7 |  7.0
Conjurations   | 1 2 3 4 5 |  5.8
Hexes          | 1 2 3 4 5 |  5.8
Charms         | 1 2 3 4 5 |  5.8
Summonings     | 1 2 3 4 5 |  5.8
Necromancy     | 1 2 3 4 5 |  5.8
Translocations | 1 2 3 4 5 |  5.8
Transmutations | 1 2 3 4 5 |  5.8
Fire Magic     | 1 2 3 4 5 |  5.8
Ice Magic      | 1 2 3 4 5 |  5.8
Air Magic      | 1 2 3 4 5 |  5.8
Earth Magic    | 1 2 3 4 5 |  5.8
Poison Magic   | 1 2 3 4 5 |  5.8
Axes           | 5 6 7 8 |  8.4
Fighting       | 7 8 9 |  9.6
Armour         | 7 8 9 |  9.6
Shields        | 7 8 9 |  9.6

Action                   |  1- 3 |  4- 6 |  7- 9 | 10-12 || total
-------------------------+-------+-------+-------+-------++-------
Melee: War axe           |    69 |   200 |   325 |   700 ||  1294
       Bite              |     5 |    25 |    49 |   124 ||   203
 Fire: Hunting sling     |       |    11 |    28 |    93 ||   132
Throw: Javelin           |       |       |       |     2 ||     2
Invok: Curse Item        |       |       |     3 |     1 ||     4
Evoke: Wand              |       |       |     2 |     5 ||     7
  Use: Potion            |       |     1 |     3 |     2 ||     6
       Scroll            |       |       |       |    14 ||    14
 Stab: Sleeping          |       |       |     1 |       ||     1
       Confused          |       |       |       |     3 ||     3
  Eat: Chunk             |       |     7 |    10 |     7 ||    24
       Meat ration       |       |       |     1 |     1 ||     2
       Bread ration      |       |       |     1 |     2 ||     3
Armor: Scale mail        |    30 |    87 |   152 |    12 ||   281
       Plate armour      |       |       |       |   289 ||   289
Dodge: Dodged            |    15 |    59 |   152 |   226 ||   452
Block: Shield            |    37 |   120 |   224 |   474 ||   855

Inventory:

Hand Weapons
 a - a +0 war axe
 b - a +2 hunting sling of flaming (weapon)
   (You found it on level 1 of the Dungeon)
Missiles
 e - 100 bolts
 o - 36 sling bullets (quivered)
 I - 2 javelins
 M - a throwing net
Armour
 c - a cursed +1 shield (worn)
 u - a cursed +0 helmet (worn)
   (You found it on level 3 of the Dungeon)
 J - the +2 cloak of Eternal Vigilance (worn) {rC+}
   (You found it on level 9 of the Dungeon)

   It protects you from cold.
 L - a cursed +0 plate armour (worn)
   (You took it off an orc warrior on level 8 of the Dungeon)
 Q - a cursed +0 pair of gloves (worn)
   (You found it on level 2 of the Lair of Beasts)
Jewellery
 K - the ring of the Shining Light (left hand) {rPois rF+ rN+}
   (You found it on level 2 of the Lair of Beasts)

   [ring of positive energy]

   It protects you from fire.
   It protects you from poison.
   It protects you from negative energy.
 O - a ring of flight (right hand)
   (You found it on level 2 of the Lair of Beasts)
Wands
 d - a wand of iceblast (6/15)
   (You took it off an orc warrior on level 9 of the Dungeon)
 w - a wand of lightning (8/15)
   (You took it off Ijyb on level 3 of the Dungeon)
 y - a wand of digging (10/24)
   (You took it off a crimson imp on level 5 of the Dungeon)
 C - a wand of disintegration (12/24)
   (You found it on level 8 of the Dungeon)
 E - a wand of lightning (7/15)
   (You found it on level 10 of the Dungeon)
 H - a wand of confusion (1/48)
   (You found it on level 8 of the Dungeon)
Scrolls
 h - 3 scrolls of recharging
 i - a scroll of fear {!r}
 j - a scroll of immolation
 k - a scroll of amnesia
 l - 2 scrolls of magic mapping {!r}
 m - a scroll of random uselessness {unknown}
 q - 6 scrolls of enchant armour
 r - a scroll of identify
 v - 3 scrolls of enchant weapon {unknown}
 F - a scroll of vulnerability {unknown}
 G - a scroll of noise {unknown}
Potions
 n - 4 potions of lignification
 p - 2 potions of flight
 s - 3 potions of berserk rage
 t - a potion of resistance
 x - 2 potions of degeneration {unknown}
 z - a potion of cancellation {unknown}
 A - 8 potions of curing
 N - a potion of brilliance
Miscellaneous
 P - a phantom mirror
Comestibles
 f - 7 bread rations
 g - 2 royal jellies
 B - 8 fruits
 R - 7 chunks of flesh

Dungeon Overview and Level Annotations

Branches:
Dungeon (10/15)            Temple (0/1) D:6            Lair (2/6) D:10
  Swamp (0/4) Lair:2
  Snake: Lair:2-4    Spider: Lair:2-4       Orc: D:9-12

Altars:
Ashenzari
Elyvilon
Fedhas
Gozag
Kikubaaqudgha
Makhleb
Nemelex Xobeh
Sif Muna
Trog
Uskayaw
Vehumet
Yredelemnul
Zin
The Shining One

Shops:
D:9 !

Annotations:
D:5 exclusion: statue
Lair:2 exclusions: oklob plant and 1 more exclusion, Gastronok


You were on level 2 of the Lair of Beasts.
You worshipped Ashenzari.
Ashenzari was most pleased with you.
You were not hungry.

You visited 2 branches of the dungeon, and saw 12 of its levels.

You collected 514 gold pieces.
You spent 169 gold pieces at shops.


Message History

The bat hits you but does no damage. The bat closely misses you.
Gastronok looks at you and mumbles some strange words.
You barely resist. You slash Gastronok!
Your plate armour prevents you from hitting the quokka.
You slash the bat!
You kill the bat!
The bat's corpse disappears in a puff of smoke!
You block the quokka's attack. You block the bat's attack.
You completely miss Gastronok. You bite Gastronok, but do no damage.
You hit the quokka. You completely miss the bat. You block the bat's attack. x2
The quokka bites you but does no damage.
Gastronok bites you!!
The quokka bites you but does no damage.
You are too injured to fight recklessly!
You are too injured to fight recklessly!
You are too injured to fight recklessly!
You are too injured to fight recklessly!
You are too injured to fight recklessly!
You are too injured to fight recklessly!
You are too injured to fight recklessly!
You take 24 damage, and have 49/96 hp.
MASSIVE DAMAGE!!
You are too injured to fight recklessly!
You are too injured to fight recklessly!
You are too injured to fight recklessly!
You are too injured to fight recklessly!
You hit Gastronok but do no damage. You closely miss the quokka.
The bat hits you but does no damage. The quokka barely misses you.
You slash Gastronok! You bite Gastronok. You closely miss the bat.
Your shield and plate armour prevent you from hitting the quokka.
You block the bat's attack. The quokka barely misses you. Gastronok bites you!
* * * LOW HITPOINT WARNING * * *
You take 8 damage, and have 41/96 hp.
You hit Gastronok. You bite Gastronok. You hit the quokka but do no damage.
The bat hits you but does no damage. You block the bat's attack.
The quokka bites you but does no damage.
You block Gastronok's attack.
You feel very mighty all of a sudden. You block the bat's attack.
You block the quokka's attack. x2
You hit Gastronok. You bite Gastronok. You slash the quokka!
You kill the quokka!
The quokka's corpse disappears in a puff of smoke!
You block the bat's attack. Gastronok bites you!!
* * * LOW HITPOINT WARNING * * *
You take 28 damage, and have 14/96 hp.
MASSIVE DAMAGE!!
Okay, then.
The bat hits you but does no damage. You block the bat's attack.
You block the bat's attack. You block the bat's attack.
The bat hits you but does no damage. You block the bat's attack.
Gastronok waves his eye-stalks in wide circles.
The air twists around and strikes you!
* * * LOW HITPOINT WARNING * * *
You take 2 damage, and have 14/96 hp.
You block the bat's attack. You block the bat's attack.
You block the bat's attack.
Your +2 hunting sling of flaming bursts into flame!
b - a +2 hunting sling of flaming (weapon)
The bat closely misses you.
Aim: Gastronok, wearing a hat of see invisible (heavily wounded)
You shoot a sling bullet. The sling bullet hits Gastronok.
The sling bullet burns Gastronok.
You block the bat's attack.
Aim: Gastronok, wearing a hat of see invisible (severely wounded)
You shoot a sling bullet. The sling bullet hits Gastronok!
The sling bullet burns Gastronok.
You block the bat's attack.
Aim: Gastronok, wearing a hat of see invisible (severely wounded)
You shoot a sling bullet. The sling bullet hits Gastronok!
The sling bullet burns Gastronok.
You block the bat's attack.
Gastronok bubbles merrily.
Aim: Gastronok, wearing a hat of see invisible (severely wounded)
You shoot a sling bullet. The sling bullet hits the bat!
The sling bullet burns the bat.
You kill the bat!
The bat's corpse disappears in a puff of smoke!
Aim: Gastronok, wearing a hat of see invisible (severely wounded)
You shoot a sling bullet.
The sling bullet barely misses Gastronok.
Aim: Gastronok, wearing a hat of see invisible (severely wounded)
You shoot a sling bullet. The sling bullet hits Gastronok!
The sling bullet burns Gastronok.
Aim: Gastronok, wearing a hat of see invisible (almost dead)
You shoot a sling bullet. The sling bullet hits Gastronok.
The sling bullet burns Gastronok.
Aim: Gastronok, wearing a hat of see invisible (almost dead)
You shoot a sling bullet. The sling bullet hits Gastronok!
The sling bullet burns Gastronok.
Gastronok gurgles, "A snack!
A snack!"
Gastronok chants a spell, wobbling all the while.
You feel a sudden, passing aversion to salt.
Aim: Gastronok, wearing a hat of see invisible (almost dead)
You shoot a sling bullet.
The sling bullet hits Gastronok but does no damage.
Aim: Gastronok, wearing a hat of see invisible (almost dead)
You shoot a sling bullet.
The sling bullet barely misses Gastronok.
Gastronok waves his eye-stalks in wide circles.
The air twists around and strikes you!
You die... #...###* * #PPP♣.≈≈ ##..(.# ##.#P.≈≈ #...w## #P##P.≈≈ ##...# ##P.P.≈≈ #...## #.P♣.≈≈ #.(..# #PPP♣..≈ ##...## #P.♣##.. #P...## #P#PPPP.

##.@..# #.P.♣PP.
#...########PPPP.P#
#...##.#...#♣#P#PPP
#..........# #PP♣
#..........# .P#.P
#..(.......########
*#..##P#P###.##
#..####### #..#
##., .**####.## #


You could see Gastronok.

Notes
Turn   | Place    | Note
-------+----------+-------------------------------------------
     0 | D:1      | theanonym the Gnoll Fighter began the quest for the Orb.
     0 | D:1      | Reached XP level 1. HP: 23/23 MP: 1/1
    91 | D:1      | HP: 11/23 [hobgoblin (3)]
    94 | D:1      | Reached XP level 2. HP: 12/29 MP: 2/2
    99 | D:1      | HP: 11/29 [poisoned by a kobold]
   626 | D:1      | Reached XP level 3. HP: 35/35 MP: 3/3
   896 | D:2      | Reached skill level 1 in Short Blades
   896 | D:2      | Reached skill level 1 in Long Blades
   896 | D:2      | Reached skill level 1 in Maces & Flails
   896 | D:2      | Reached skill level 1 in Polearms
   896 | D:2      | Reached skill level 1 in Staves
   896 | D:2      | Reached skill level 1 in Slings
   896 | D:2      | Reached skill level 1 in Bows
   896 | D:2      | Reached skill level 1 in Crossbows
   896 | D:2      | Reached skill level 1 in Throwing
   896 | D:2      | Reached skill level 1 in Dodging
   896 | D:2      | Reached skill level 1 in Stealth
   896 | D:2      | Reached skill level 1 in Unarmed Combat
   896 | D:2      | Reached skill level 1 in Spellcasting
   896 | D:2      | Reached skill level 1 in Invocations
   896 | D:2      | Reached skill level 1 in Evocations
   908 | D:2      | Reached XP level 4. HP: 41/41 MP: 5/5
  1252 | D:2      | Reached skill level 1 in Conjurations
  1252 | D:2      | Reached skill level 1 in Hexes
  1252 | D:2      | Reached skill level 1 in Charms
  1252 | D:2      | Reached skill level 1 in Summonings
  1252 | D:2      | Reached skill level 1 in Necromancy
  1252 | D:2      | Reached skill level 1 in Translocations
  1252 | D:2      | Reached skill level 1 in Transmutations
  1252 | D:2      | Reached skill level 1 in Fire Magic
  1252 | D:2      | Reached skill level 1 in Ice Magic
  1252 | D:2      | Reached skill level 1 in Air Magic
  1252 | D:2      | Reached skill level 1 in Earth Magic
  1252 | D:2      | Reached skill level 1 in Poison Magic
  1440 | D:2      | Reached XP level 5. HP: 44/47 MP: 6/6
  1496 | D:2      | Found a glowing silver altar of Zin.
  1497 | D:2      | Found a deep blue altar of Sif Muna.
  2420 | D:3      | Noticed Ijyb
  2422 | D:3      | HP: 6/47 [Ijyb/wand of lightning (?/15) (22)]
  2466 | D:3      | Killed Ijyb
  2617 | D:3      | Reached XP level 6. HP: 48/53 MP: 8/8
  2909 | D:3      | Reached skill level 2 in Invocations
  3014 | D:4      | Found a shattered altar of Ashenzari.
  3028 | D:4      | Reached skill level 2 in Short Blades
  3028 | D:4      | Reached skill level 2 in Long Blades
  3028 | D:4      | Reached skill level 5 in Axes
  3028 | D:4      | Reached skill level 2 in Maces & Flails
  3028 | D:4      | Reached skill level 2 in Polearms
  3028 | D:4      | Reached skill level 2 in Staves
  3028 | D:4      | Reached skill level 2 in Slings
  3028 | D:4      | Reached skill level 2 in Bows
  3028 | D:4      | Reached skill level 2 in Crossbows
  3028 | D:4      | Reached skill level 2 in Throwing
  3028 | D:4      | Reached skill level 2 in Dodging
  3028 | D:4      | Reached skill level 2 in Stealth
  3028 | D:4      | Reached skill level 2 in Unarmed Combat
  3028 | D:4      | Reached skill level 2 in Spellcasting
  3028 | D:4      | Reached skill level 2 in Evocations
  3039 | D:4      | Noticed zodiak12's ghost (amateur DsFi)
  3065 | D:4      | Killed zodiak12's ghost
  3065 | D:4      | Reached XP level 7. HP: 30/59 MP: 10/10
  3312 | D:4      | Reached skill level 7 in Fighting
  3312 | D:4      | Reached skill level 7 in Armour
  3312 | D:4      | Reached skill level 7 in Shields
  3400 | D:4      | Reached skill level 2 in Conjurations
  3400 | D:4      | Reached skill level 2 in Hexes
  3400 | D:4      | Reached skill level 2 in Charms
  3400 | D:4      | Reached skill level 2 in Summonings
  3400 | D:4      | Reached skill level 2 in Necromancy
  3400 | D:4      | Reached skill level 2 in Translocations
  3400 | D:4      | Reached skill level 2 in Transmutations
  3400 | D:4      | Reached skill level 2 in Fire Magic
  3400 | D:4      | Reached skill level 2 in Ice Magic
  3400 | D:4      | Reached skill level 2 in Air Magic
  3400 | D:4      | Reached skill level 2 in Earth Magic
  3400 | D:4      | Reached skill level 2 in Poison Magic
  3646 | D:4      | Found a bloodstained altar of Trog.
  3798 | D:4      | Became a worshipper of Ashenzari the Shackled
  3839 | D:5      | Entered Level 5 of the Dungeon
  3883 | D:5      | HP: 28/60 [centaur (8)]
  4133 | D:5      | HP: 8/60 [ogre/giant club (24)]
  4134 | D:5      | Reached skill level 3 in Invocations
  4466 | D:5      | Reached XP level 8. HP: 67/67 MP: 12/12
  4672 | D:5      | Found a radiant altar of Vehumet.
  4793 | D:5      | HP: 32/67 [acid (5)]
  4909 | D:5      | Reached skill level 3 in Short Blades
  4909 | D:5      | Reached skill level 3 in Long Blades
  4909 | D:5      | Reached skill level 3 in Maces & Flails
  4909 | D:5      | Reached skill level 3 in Polearms
  4909 | D:5      | Reached skill level 3 in Staves
  4909 | D:5      | Reached skill level 3 in Slings
  4909 | D:5      | Reached skill level 3 in Bows
  4909 | D:5      | Reached skill level 3 in Crossbows
  4909 | D:5      | Reached skill level 3 in Throwing
  4909 | D:5      | Reached skill level 3 in Dodging
  4909 | D:5      | Reached skill level 3 in Stealth
  4909 | D:5      | Reached skill level 3 in Unarmed Combat
  4909 | D:5      | Reached skill level 3 in Spellcasting
  4909 | D:5      | Reached skill level 3 in Evocations
  5049 | D:5      | Reached * piety under Ashenzari
  5410 | D:6      | Noticed Edmund
  5424 | D:6      | Killed Edmund
  5476 | D:6      | Found a staircase to the Ecumenical Temple.
  5688 | D:6      | Reached skill level 3 in Conjurations
  5688 | D:6      | Reached skill level 3 in Hexes
  5688 | D:6      | Reached skill level 3 in Charms
  5688 | D:6      | Reached skill level 3 in Summonings
  5688 | D:6      | Reached skill level 3 in Necromancy
  5688 | D:6      | Reached skill level 3 in Translocations
  5688 | D:6      | Reached skill level 3 in Transmutations
  5688 | D:6      | Reached skill level 3 in Fire Magic
  5688 | D:6      | Reached skill level 3 in Ice Magic
  5688 | D:6      | Reached skill level 3 in Air Magic
  5688 | D:6      | Reached skill level 3 in Earth Magic
  5688 | D:6      | Reached skill level 3 in Poison Magic
  5688 | D:6      | Reached skill level 4 in Invocations
  5857 | D:6      | Reached XP level 9. HP: 72/72 MP: 14/14
  5928 | D:6      | Reached skill level 6 in Axes
  6101 | D:7      | Found a basalt altar of Yredelemnul.
  6112 | D:7      | HP: 34/73 [centaur (4)]
  6127 | D:7      | HP: 36/73 [centaur/arrow (1)]
  6138 | D:7      | HP: 29/73 [centaur/arrow (5)]
  6406 | D:7      | Reached skill level 4 in Short Blades
  6406 | D:7      | Reached skill level 4 in Long Blades
  6406 | D:7      | Reached skill level 4 in Maces & Flails
  6406 | D:7      | Reached skill level 4 in Polearms
  6406 | D:7      | Reached skill level 4 in Staves
  6406 | D:7      | Reached skill level 4 in Slings
  6406 | D:7      | Reached skill level 4 in Bows
  6406 | D:7      | Reached skill level 4 in Crossbows
  6406 | D:7      | Reached skill level 4 in Throwing
  6406 | D:7      | Reached skill level 4 in Dodging
  6406 | D:7      | Reached skill level 4 in Stealth
  6406 | D:7      | Reached skill level 4 in Unarmed Combat
  6406 | D:7      | Reached skill level 4 in Spellcasting
  6406 | D:7      | Reached skill level 4 in Evocations
  6476 | D:7      | HP: 35/73 [crocodile (14)]
  7206 | D:8      | Found a white marble altar of Elyvilon.
  7216 | D:8      | Reached ** piety under Ashenzari
  7459 | D:8      | Found a hide-covered altar of Uskayaw.
  7490 | D:8      | Noticed Grum
  7499 | D:8      | Reached skill level 8 in Fighting
  7499 | D:8      | Reached skill level 8 in Armour
  7499 | D:8      | Reached skill level 8 in Shields
  7506 | D:8      | HP: 29/74 [Grum/glaive (19)]
  7515 | D:8      | HP: 30/74 [wolf[Grum] (1)]
  7521 | D:8      | HP: 18/74 [wolf[Grum] (4)]
  7537 | D:8      | HP: 21/74 [wolf[Grum] (4)]
  7545 | D:8      | HP: 14/74 [Grum/glaive (7)]
  7899 | D:8      | Found an opulent altar of Gozag.
  7968 | D:8      | HP: 37/74 [something (1)]
  7975 | D:8      | Killed an unseen horror
  7975 | D:8      | Reached skill level 5 in Invocations
  7975 | D:8      | Reached XP level 10. HP: 30/80 MP: 15/17
  8276 | D:8      | Reached skill level 4 in Conjurations
  8276 | D:8      | Reached skill level 4 in Hexes
  8276 | D:8      | Reached skill level 4 in Charms
  8276 | D:8      | Reached skill level 4 in Summonings
  8276 | D:8      | Reached skill level 4 in Necromancy
  8276 | D:8      | Reached skill level 4 in Translocations
  8276 | D:8      | Reached skill level 4 in Transmutations
  8276 | D:8      | Reached skill level 4 in Fire Magic
  8276 | D:8      | Reached skill level 4 in Ice Magic
  8276 | D:8      | Reached skill level 4 in Air Magic
  8276 | D:8      | Reached skill level 4 in Earth Magic
  8276 | D:8      | Reached skill level 4 in Poison Magic
  8442 | D:8      | Found a glowing golden altar of the Shining One.
  8518 | D:9      | Identified the cursed +0 robe of a bazaar {rN+ Int+4}
  8622 | D:9      | Got the uncursed cloak of Eternal Vigilance {rC+}
  8628 | D:9      | Identified the +2 cloak of Eternal Vigilance {rC+} (You found it on level 9 of the Dungeon)
  8753 | D:8      | Reached skill level 5 in Short Blades
  8753 | D:8      | Reached skill level 5 in Long Blades
  8753 | D:8      | Reached skill level 5 in Maces & Flails
  8753 | D:8      | Reached skill level 5 in Polearms
  8753 | D:8      | Reached skill level 5 in Staves
  8753 | D:8      | Reached skill level 5 in Slings
  8753 | D:8      | Reached skill level 5 in Bows
  8753 | D:8      | Reached skill level 5 in Crossbows
  8753 | D:8      | Reached skill level 5 in Throwing
  8753 | D:8      | Reached skill level 5 in Dodging
  8753 | D:8      | Reached skill level 5 in Stealth
  8753 | D:8      | Reached skill level 5 in Unarmed Combat
  8753 | D:8      | Reached skill level 5 in Spellcasting
  8753 | D:8      | Reached skill level 5 in Evocations
  8762 | D:8      | HP: 31/81 [Grum/glaive (11)]
  8766 | D:8      | Killed Grum
  9213 | D:9      | Found a burning altar of Makhleb.
  9214 | D:9      | Found an ancient bone altar of Kikubaaqudgha.
  9215 | D:9      | Found a sparkling altar of Nemelex Xobeh.
  9247 | D:9      | Reached skill level 7 in Axes
  9259 | D:9      | Found Ostiesor's Distillery.
  9290 | D:9      | Bought a potion of curing for 39 gold pieces
  9290 | D:9      | Bought a potion of resistance for 130 gold pieces
  9437 | D:9      | HP: 35/82 [orc warrior/dire flail (10)]
  9724 | D:9      | Noticed a two-headed ogre
  9740 | D:9      | Killed a two-headed ogre
  9740 | D:9      | Reached skill level 6 in Invocations
  9883 | D:10     | Entered Level 10 of the Dungeon
 10014 | D:9      | HP: 39/82 [wight/enchanted great sword (7)]
 10023 | D:9      | HP: 31/82 [wight/enchanted spear (6)]
 10294 | D:10     | Noticed a cyan ugly thing
 10397 | D:9      | HP: 37/82 [yak (10)]
 10409 | D:9      | Reached XP level 11. HP: 42/87 MP: 19/19
 10731 | D:10     | Noticed a cyclops
 10752 | D:10     | Killed a cyclops
 11069 | D:10     | Found a staircase to the Lair.
 11085 | D:10     | HP: 43/87 [komodo dragon (22)]
 11272 | Lair:1   | Entered Level 1 of the Lair of Beasts
 11301 | Lair:1   | Reached skill level 9 in Fighting
 11301 | Lair:1   | Reached skill level 6 in Short Blades
 11301 | Lair:1   | Reached skill level 6 in Long Blades
 11301 | Lair:1   | Reached skill level 6 in Maces & Flails
 11301 | Lair:1   | Reached skill level 6 in Polearms
 11301 | Lair:1   | Reached skill level 6 in Staves
 11301 | Lair:1   | Reached skill level 6 in Slings
 11301 | Lair:1   | Reached skill level 6 in Bows
 11301 | Lair:1   | Reached skill level 6 in Crossbows
 11301 | Lair:1   | Reached skill level 6 in Throwing
 11301 | Lair:1   | Reached skill level 9 in Armour
 11301 | Lair:1   | Reached skill level 6 in Dodging
 11301 | Lair:1   | Reached skill level 6 in Stealth
 11301 | Lair:1   | Reached skill level 9 in Shields
 11301 | Lair:1   | Reached skill level 6 in Unarmed Combat
 11301 | Lair:1   | Reached skill level 6 in Spellcasting
 11301 | Lair:1   | Reached skill level 6 in Evocations
 11410 | Lair:1   | Reached skill level 5 in Conjurations
 11410 | Lair:1   | Reached skill level 5 in Hexes
 11410 | Lair:1   | Reached skill level 5 in Charms
 11410 | Lair:1   | Reached skill level 5 in Summonings
 11410 | Lair:1   | Reached skill level 5 in Necromancy
 11410 | Lair:1   | Reached skill level 5 in Translocations
 11410 | Lair:1   | Reached skill level 5 in Transmutations
 11410 | Lair:1   | Reached skill level 5 in Fire Magic
 11410 | Lair:1   | Reached skill level 5 in Ice Magic
 11410 | Lair:1   | Reached skill level 5 in Air Magic
 11410 | Lair:1   | Reached skill level 5 in Earth Magic
 11410 | Lair:1   | Reached skill level 5 in Poison Magic
 11659 | Lair:1   | Reached *** piety under Ashenzari
 11774 | Lair:1   | Reached skill level 7 in Invocations
 12005 | Lair:1   | Reached skill level 8 in Axes
 12437 | Lair:2   | HP: 38/89 [spiny frog (15)]
 12442 | Lair:2   | HP: 22/89 [poisoned by a spiny frog]
 12447 | Lair:1   | HP: 18/89 [poisoned by a spiny frog]
 12453 | Lair:1   | HP: 37/89 [poisoned by a spiny frog]
 12461 | Lair:1   | HP: 36/89 [poisoned by a spiny frog]
 12469 | Lair:1   | HP: 36/89 [poisoned by a spiny frog]
 13305 | Lair:2   | HP: 44/89 [blink frog (1)]
 13308 | Lair:2   | Reached XP level 12. HP: 48/96 MP: 22/22
 13311 | Lair:2   | HP: 46/96 [blink frog (3)]
 13506 | Lair:2   | Identified the ring of the Shining Light {rPois rF+ rN+}
 13641 | Lair:2   | HP: 47/96 [komodo dragon (4)]
 13998 | Lair:2   | Found a blossoming altar of Fedhas.
 14174 | Lair:2   | Found a staircase to the Swamp.
 14390 | Lair:2   | Reached skill level 7 in Short Blades
 14390 | Lair:2   | Reached skill level 7 in Long Blades
 14390 | Lair:2   | Reached skill level 7 in Maces & Flails
 14390 | Lair:2   | Reached skill level 7 in Polearms
 14390 | Lair:2   | Reached skill level 7 in Staves
 14390 | Lair:2   | Reached skill level 7 in Slings
 14390 | Lair:2   | Reached skill level 7 in Bows
 14390 | Lair:2   | Reached skill level 7 in Crossbows
 14390 | Lair:2   | Reached skill level 7 in Throwing
 14390 | Lair:2   | Reached skill level 7 in Dodging
 14390 | Lair:2   | Reached skill level 7 in Stealth
 14390 | Lair:2   | Reached skill level 7 in Unarmed Combat
 14390 | Lair:2   | Reached skill level 7 in Spellcasting
 14390 | Lair:2   | Reached skill level 7 in Evocations
 14417 | Lair:2   | Noticed Gastronok
 14434 | Lair:2   | HP: 41/96 [Gastronok (8)]
 14437 | Lair:2   | HP: 14/96 [Gastronok (28)]
 14444 | Lair:2   | HP: 14/96 [Gastronok/the air (2)]
 14458 | Lair:2   | Killed from afar by Gastronok

Vanquished Creatures
  A two-headed ogre (D:9)
  An unseen horror (D:8)
  A cyclops (D:10)
  5 spiny frogs
  3 komodo dragons
  7 blink frogs (Lair:2)
  3 hippogriffs
  A spriggan (D:7)
  21 yaks
  2 basilisks (Lair:1)
  The ghost of zodiak12 the Covered, an amateur DsFi (D:4)
  Grum (D:8)
  4 swamp worms (Lair:2)
  Edmund (D:6)
  3 water moccasins
  4 porcupines
  An ice beast (D:9)
  2 orc warriors
  3 phantoms
  A black bear (D:9)
  10 wolves
  An eye of draining (D:9)
  3 ogres
  6 centaurs
  A crocodile (D:7)
  A big kobold (D:9)
  5 bullfrogs
  A scorpion (D:4)
  8 wights
  4 crimson imps
  2 bullfrog zombies
  3 centaur skeletons
  3 orc priests
  4 jellies
  4 bullfrog skeletons
  A centaur zombie (D:7)
  5 hounds
  5 orc wizards
  3 iguanas
  Ijyb (D:3)
  4 worker ants
  A hound zombie (D:5)
  4 hound skeletons
  7 gnolls
  18 adders
  2 shadow imps
  2 oozes
  2 adder skeletons
  An adder zombie (D:5)
  A worm (D:2)
  3 dart slugs
  6 leopard geckos
  24 orcs
  3 ball pythons
  5 giant cockroaches
  6 goblins
  6 hobgoblins
  12 jackals
  3 quokkas
  13 bats
  3 frilled lizards
  A jackal zombie (D:7)
  12 kobolds
  4 rats
  A plant (Lair:1)
281 creatures vanquished.

Vanquished Creatures (others)
  A fungus (Lair:2)
  4 plants
  14 toadstools (Lair:2)
19 creatures vanquished.

Grand Total: 300 creatures vanquished
